 Dungeon Crawl Stone Soup version 0.26-a0-540-g8a0c9464d7 (webtiles) character file.

Game seed: 9477625473132614776

1096 Mesmaeker13 the Summoner (level 8, -4/36 HPs)
             Began as a Felid Summoner on Aug 19, 2020.
             Was a Believer of Ashenzari.
             Slain by an unseen horror (7 damage)
             ... on level 11 of the Dungeon.
             The game lasted 00:36:33 (19694 turns).

Mesmaeker13 the Summoner (Felid Summoner)          Turns: 19694, Time: 00:36:33

Health: -4/36      AC:  6    Str:  5    XL:     8   Next: 10%
Magic:  23/23      EV: 24    Int: 18    God:    Ashenzari [**....]
Gold:   487        SH:  0    Dex: 17    Spells: 0/13 levels left
                                        Lives:  0   Deaths: 2

rFire    . . .     SeeInvis +   (weapon unavailable)
rCold    . . .     Faith    .   (shield unavailable)
rNeg     . . .     Spirit   .   (armour unavailable)
rPois    .         Reflect  .   (helmet unavailable)
rElec    .         Harm     .   (cloak unavailable)
rCorr    .                      (gloves unavailable)
MR       +....                  (boots unavailable)
Stlth    ++++......             (no amulet)
HPRegen  0.12/turn              w - +4 ring of protection
MPRegen  0.18/turn              c - ring of magical power

@: quick
A: very small, no armour, no weapons or thrown items, stealth, claws 1, fangs 3,
see invisible, speed 1, shaggy fur 2, sharp paws
a: Curse Item, Scrying, Renounce Religion


You were on level 11 of the Dungeon.
You worshipped Ashenzari.
Ashenzari was pleased with you.
You visited 2 branches of the dungeon, and saw 12 of its levels.

You collected 487 gold pieces.

Inventory:

Hand Weapons
 z - a +0 falchion of protection
Missiles
 h - a throwing net
Jewellery
 c - a ring of magical power (right paw)
 d - an uncursed ring of protection from magic
 n - an uncursed ring of positive energy
 w - a +4 ring of protection (left paw)
Wands
 p - a wand of disintegration (6)
 u - a wand of iceblast (4)
 x - a wand of enslavement (5)
Scrolls
 b - 4 scrolls of blinking
 i - 3 scrolls of remove curse
 l - a scroll of noise {unknown}
 m - 2 scrolls of immolation {unknown}
 o - 2 scrolls of teleportation
 r - 3 scrolls of amnesia
 t - a scroll of random uselessness {unknown}
 v - 4 scrolls of fog
 y - a scroll of torment {unknown}
 A - a scroll of summoning {unknown}
 B - a scroll of identify
Potions
 a - 3 potions of curing
 e - a potion of berserk rage {unknown}
 f - a potion of lignification {unknown}
 g - a potion of brilliance {unknown}
 j - 3 potions of haste
 k - 3 potions of stabbing
 q - 2 potions of resistance {unknown}
 s - 2 potions of invisibility {unknown}


   Skills:
 - Level 4.2 Fighting
 - Level 8.1 Dodging
 - Level 5.3 Stealth
 - Level 3.4 Spellcasting
 + Level 8.8 Summonings
 + Level 5.6 Ice Magic
 + Level 2.1 Air Magic
   Level 0.0 Invocations
 + Level 3.9 Evocations


You couldn't memorise any spells.
You knew the following spells:

 Your Spells              Type           Power        Failure   Level
a - Summon Lightning Spi  Summ/Air       ###.....     16%         4
b - Call Imp              Summ           #####...     1%          2
c - Call Canine Familiar  Summ           #####...     1%          3
d - Summon Ice Beast      Ice/Summ       ####....     8%          4

Your spell library contained the following spells:

 Spells                   Type           Power        Failure   Level
 Summon Small Mammal      Summ           ####         1%          1
 Summon Guardian Golem    Hex/Summ       ###.....     8%          3
 Animate Skeleton         Necr           #.....       16%         1
 Apportation              Tloc           #.....       16%         1
 Corona                   Hex            #......      16%         1
 Magic Dart               Conj           #...         16%         1
 Blink                    Tloc           N/A          24%         2
 Slow                     Hex            #.......     24%         2
 Mephitic Cloud           Conj/Pois/Air  #.......     34%         3
 Conjure Flame            Conj/Fire      #.......     43%         3


Dungeon Overview and Level Annotations

Branches:
Dungeon (11/15)            Temple (1/1) D:5            Lair (0/6) D:10
    Orc (0/2) D:10

Altars:
Ashenzari
Cheibriados
Dithmenos
Elyvilon
Fedhas
Gozag
Hepliaklqana
Kikubaaqudgha
Makhleb
Nemelex Xobeh
Okawaru
Qazlal
Ru
Sif Muna
Trog
Uskayaw
Vehumet
Wu Jian
Xom
Yredelemnul
Zin
The Shining One

Annotations:
D:6 3 runed translucent doors, Yorgos's ghost, weakling GnDe


Innate Abilities, Weirdness & Mutations

You cannot wear armour.
You are incapable of wielding weapons or throwing items.
Your paws allow you to move quietly. (Stealth)
You have sharp claws.
You have razor-sharp teeth.
You have supernaturally acute eyesight. (SInv)
You cover ground quickly.
You are covered in thick fur. (AC +2)
Your sharp claws are effective at attacking unaware monsters.


Message History

The unseen horror closely misses you. The unseen horror hits you!
The unseen horror misses you. The unseen horror barely misses you.
The unseen horror misses you. The unseen horror barely misses you.
The unseen horror hits you but does no damage.
The unseen horror completely misses you.
The unseen horror barely misses you.
The unseen horror completely misses you.
The unseen horror completely misses you.
The unseen horror completely misses you.
The unseen horror completely misses you.
The unseen horror hits you! The unseen horror closely misses you.
The unseen horror completely misses you.
The unseen horror hits you!
* * * LOW HITPOINT WARNING * * *
The unseen horror completely misses you.
The unseen horror hits you!
You die...

*, * , * ,
,,# ##,*
*,.# *.# #.#
, .## #..
####.###.# #
#...).#.##.#
*
#.##.......#
, ###@..###
* , #x...#*
, *
........+ *
,,.....)####
, * ##.##.##
,, #. ## *
#. * , * #.
#+# , #?#


You could see an unseen horror (invisible).

Vanquished Creatures
  A warg (D:10)
  A sky beast (D:9)
  2 ice beasts
  A necrophage (D:5)
  A wolf (D:10)
  A bullfrog (D:7)
  A scorpion (D:6)
  A howler monkey (D:10)
  A hound (D:6)
  A bullfrog skeleton (D:5)
  A worker ant (D:10)
  2 orc wizards
  A hound skeleton (D:9)
  3 adders
  A shadow imp (D:7)
  2 white imps (D:9)
  An ufetubus (D:8)
  4 oozes
  A worm (D:3)
  3 dart slugs
  3 leopard geckos
  6 orcs
  4 bats
  4 giant cockroaches
  4 goblins
  6 hobgoblins
  7 kobolds
  2 quokkas
  A ball python (D:1)
  4 frilled lizards
  A giant cockroach zombie (D:5)
  A jackal skeleton (D:4)
  A quokka skeleton (D:6)
  3 rats (D:1)
77 creatures vanquished.

Vanquished Creatures (collateral kills)
  2 hippogriffs
  2 basilisks (D:10)
  2 nameless horrors (D:9)
  3 wargs (D:10)
  4 porcupines (D:10)
  4 sky beasts
  2 ice beasts
  2 necrophages
  2 eyes of draining
  A phantom (D:4)
  4 ogres
  2 centaurs
  2 wolves (D:10)
  3 crocodiles (D:10)
  2 big kobolds
  3 bullfrogs
  A scorpion (D:4)
  4 howler monkeys
  A centaur zombie (D:5)
  5 hounds
  11 orc wizards
  3 bullfrog skeletons
  2 centaur skeletons
  2 orc priests
  3 jellies
  3 iguanas
  5 worker ants
  A hound skeleton (D:7)
  2 howler monkey zombies
  7 gnolls
  11 adders
  3 white imps
  2 ufetubi
  7 oozes (D:3)
  An adder skeleton (D:6)
  3 worms
  4 dart slugs (D:1)
  2 leopard geckos (D:6)
  40 orcs
  A bat (D:1)
  4 hobgoblins
  19 kobolds
  3 quokkas
  A frilled lizard (D:2)
  5 goblins
  A jackal skeleton (D:5)
  2 rats
199 creatures vanquished.

Vanquished Creatures (others)
  An orc wizard (D:8)
  5 fungi
  4 plants (D:10)
  10 toadstools (D:3)
20 creatures vanquished.

Grand Total: 296 creatures vanquished

Notes
Turn   | Place    | Note
-------+----------+-------------------------------------------
     0 | D:1      | Mesmaeker13 the Felid Summoner began the quest for the Orb.
     0 | D:1      | Reached XP level 1. HP: 7/7 MP: 4/4
   702 | D:1      | Reached XP level 2. HP: 11/11 MP: 1/6
  1467 | D:1      | Reached XP level 3. HP: 14/14 MP: 7/7
  2471 | D:2      | Learned a level 2 spell: Call Imp
  3072 | D:2      | Reached XP level 4. HP: 18/18 MP: 4/9
  4453 | D:3      | Reached XP level 5. HP: 11/21 MP: 10/10
  4484 | D:3      | Reached skill level 5 in Summonings
  4819 | D:3      | Learned a level 3 spell: Call Canine Familiar
  5306 | D:4      | Reached skill level 5 in Dodging
  5309 | D:4      | Noticed a phantom
  5348 | D:4      | Killed a phantom
  5468 | D:4      | Gained mutation: You are covered in thick fur. (AC +2)
                  | [Felid growth]
  5468 | D:4      | Reached XP level 6. HP: 24/24 MP: 12/12
  6057 | D:4      | Noticed a hippogriff
  6169 | D:4      | Killed a hippogriff
  6620 | D:5      | Entered Level 5 of the Dungeon
  6779 | D:5      | Reached skill level 5 in Stealth
  6779 | D:5      | Reached XP level 7. HP: 10/27 MP: 13/13
  7186 | D:5      | Found a staircase to the Ecumenical Temple.
  7205 | Temple   | Entered the Ecumenical Temple
  7213 | Temple   | Became a worshipper of Elyvilon the Healer
  7325 | Temple   | Fell from the grace of Elyvilon
  7325 | Temple   | Became a worshipper of Ashenzari the Shackled
  7543 | D:5      | Learned a level 4 spell: Summon Ice Beast
  8009 | D:5      | Found a shattered altar of Ashenzari.
  8105 | D:5      | Reached skill level 1 in Ice Magic
  9060 | D:6      | Found a runed translucent gate.
  9060 | D:6      | Found a runed translucent gate.
  9061 | D:6      | Found a runed translucent gate.
  9167 | D:6      | Noticed Yorgos's ghost (weakling GnDe)
 10114 | D:6      | Found a shimmering altar of Xom.
 10115 | D:6      | Found a shimmering altar of Xom.
 10115 | D:6      | Found a shimmering altar of Xom.
 10245 | D:6      | Reached XP level 8. HP: 26/31 MP: 14/14
 11447 | D:6      | Reached * piety under Ashenzari
 12767 | D:7      | Found a stormy altar of Qazlal.
 13357 | D:7      | Reached skill level 1 in Fighting
 14671 | D:8      | Noticed a hippogriff
 14700 | D:8      | Killed a hippogriff
 15406 | D:9      | Learned a level 4 spell: Summon Lightning Spire
 15647 | D:9      | Reached XP level 9. HP: 31/38 MP: 15/15
 16362 | D:9      | Reached skill level 1 in Evocations
 16593 | D:9      | Noticed a troll
 16610 | D:9      | Noticed a nameless horror
 16623 | D:9      | Killed a nameless horror
 16729 | D:10     | Entered Level 10 of the Dungeon
 17587 | D:10     | Reached ** piety under Ashenzari
 17894 | D:10     | Reached skill level 5 in Ice Magic
 17942 | D:10     | Found a staircase to the Lair.
 17970 | D:10     | Slain by a crocodile
 17971 | D:10     | Reached XP level 8. HP: -2/36 MP: 13/23
 18435 | D:10     | Reached skill level 1 in Air Magic
 19019 | D:10     | Reached XP level 9. HP: 33/39 MP: 5/15
 19146 | D:10     | Found a staircase to the Orcish Mines.
 19545 | D:11     | Noticed an unseen horror
 19621 | D:11     | Slain by an unseen horror
 19622 | D:11     | Reached XP level 8. HP: -1/36 MP: 16/23
 19694 | D:11     | Slain by an unseen horror

Illustrated notes

Levels and vault maps discovered:
D:1:      minmay_arrival_four_loops, layout_basic, nrook_uturn,
          minmay_tromino_v4_a
D:2:      layout_loops_cross
D:3:      cheibrodos_fertilizer, layout_loops_cross
D:4:      layout_rooms
D:5:      layout_basic, minmay_temple_entry_statues_fountains,
          evilmike_ruin_ashenzari
D:6:      minmay_general_purpose_star, layout_cave_pods, gammafunk_ghost_icy,
          glass_columns_c, solitary_fountain, xom_redecorated
D:7:      layout_basic, grunt_qazlal_clouds
D:8:      layout_basic
D:9:      layout_basic
D:10:     layout_grid_maze, minmay_lair_entry_grove, minmay_orc_entry_guard_dogs
D:11:     layout_loops_corners, serial_shops,
          nicolae_shop_temple_entry_statues_fountains
Temple:   dpeg_three_leaves_temple

Skill      XL: |  1  2  3  4  5  6  7  8  9 |
---------------+----------------------------+-----
Dodging        | 3 4 5 6 7 8 |  8.1
Spellcasting   | 3 |  3.4
Summonings     | 5 6 7 8 |  8.8
Stealth        | 3 5 |  5.3
Ice Magic      | 2 4 5 |  5.6
Fighting       | 3 4 |  4.2
Evocations     | 3 2 |  3.9
Air Magic      | 1 2 |  2.1

Action                   |  1- 3 |  4- 6 |  7- 9 || total
-------------------------+-------+-------+-------++-------
Melee: Unarmed           |    98 |   125 |   478 ||   701
       Bite              |    10 |    14 |    49 ||    73
 Cast: Summon Small Mamm |    43 |     2 |       ||    45
       Call Imp          |     9 |    76 |    82 ||   167
       Call Canine Famil |       |     8 |    68 ||    76
       Summon Ice Beast  |       |       |    56 ||    56
       Summon Lightning  |       |       |     3 ||     3
Evoke: Wand              |       |       |     7 ||     7
  Use: Scroll            |       |     5 |     6 ||    11
       Potion            |       |     2 |     1 ||     3
 Stab: Sleeping          |     9 |     9 |    10 ||    28
       Distracted        |     2 |     1 |    11 ||    14
Armor: Skin              |     5 |       |    44 ||    49
Dodge: Dodged            |    87 |   117 |   537 ||   741

Table legend: (Time is in decaauts)
 A = Elapsed time spent in this place.
 B = Non-inter-level travel time spent in this place.
 C = Inter-level travel time spent in this place.
 D = Time resting spent in this place.
 E = Time spent auto-exploring this place.
 F = Levels seen in this place.
 G = Mean time per level.
                   A        B        C        D        E       F      G
               +--------+--------+--------+--------+--------+-----+--------+
         Total |  18263 |  18030 |    233 |   9026 |   5436 |  12 | 1521.9 |
       Dungeon |  18171 |  17948 |    223 |   9026 |   5397 |  11 | 1651.9 |
        Temple |     91 |     81 |     10 |      0 |     38 |   1 |   91.0 |
               +--------+--------+--------+--------+--------+-----+--------+

Top non-repeatable levels by time:
     D:5: 3073 daAuts
     D:6: 2539 daAuts
    D:10: 2509 daAuts
     D:1: 2142 daAuts
     D:4: 1515 daAuts
     D:3: 1380 daAuts
     D:7: 1354 daAuts
     D:9: 1315 daAuts
     D:2: 1133 daAuts
     D:8: 1026 daAuts
    D:11: 183 daAuts
  Temple: 91 daAuts
